 Dungeon Crawl Stone Soup version 0.21.1-1-g345015f (webtiles) character file.

66 inc the Insei (level 4, -2/28 HPs)
             Began as an Octopode Transmuter on Mar 16, 2018.
             Slain by an adder (5 damage)
             ... on level 3 of the Dungeon.
             The game lasted 00:02:13 (1656 turns).

inc the Insei (Octopode Transmuter)                 Turns: 1656, Time: 00:02:14

Health: -2/28      AC:  1    Str:  7 (9)  XL:     4   Next: 15%
Magic:  6/7        EV: 13    Int: 13 (16) God:
Gold:   94         SH:  0    Dex: 11 (12) Spells: 6/7 levels left

rFire    . . .     SeeInvis .     - Unarmed
rCold    . . .     Gourm    .   (no shield)
rNeg     . . .     Faith    .   (helmet restricted)
rPois    .         Spirit   .   l - amulet of regeneration
rElec    .         Reflect  .   (no ring)
rCorr    .         Harm     .   (no ring)
MR       .....                  (no ring)
Stlth    +++.......             (no ring)
HPRegen  0.49/turn              (no ring)
MPRegen  0.10/turn              (no ring)
                                (no ring)
                                (no ring)

@: lethally poisoned (-2 -> -2), very slightly contaminated
A: almost no armour, stealthy swim, amphibious, 8 rings, constrict 8, camouflage
1, gelatinous body 1
a: no special abilities


You were on level 3 of the Dungeon.
You were hungry.

You visited 1 branch of the dungeon, and saw 3 of its levels.

You collected 94 gold pieces.

Inventory:

Missiles
 a - 25 arrows
Jewellery
 l - an amulet of regeneration (around mantle)
Wands
 o - a wand of acid (7)
Scrolls
 e - 2 scrolls of blinking {unknown}
 f - 2 scrolls of teleportation {unknown}
 g - a scroll of fog {unknown}
 h - a scroll of amnesia {unknown}
 i - a scroll of identify {unknown}
 j - a scroll of magic mapping {unknown}
 k - a scroll of immolation {unknown}
Potions
 d - a potion of degeneration
Books
 b - a book of Changes

   Spells                             Type                      Level
   a - Beastly Appendage              Transmutation                1
   b - Sticks to Snakes               Transmutation                2
   c - Spider Form                    Transmutation/Poison         3
   d - Ice Form                       Ice/Transmutation            4
   e - Blade Hands                    Transmutation                5
Comestibles
 c - 7 rations


   Skills:
 + Level 1.1 Fighting
 + Level 2.0 Dodging
 + Level 2.0 Stealth
 + Level 4.0 Unarmed Combat
 + Level 2.4 Spellcasting
 + Level 2.2 Transmutations


You had 6 spell levels left.
You knew the following spells:

 Your Spells              Type           Power        Failure   Level  Hunger
a - Beastly Appendage     Tmut           #.....       10%         1    #......


Dungeon Overview and Level Annotations

Branches:
Dungeon (3/15)

Altars:


Innate Abilities, Weirdness & Mutations

You cannot wear most types of armour.
You are very stealthy in the water. (Stealth+)
You are amphibious.
You can wear up to eight rings at the same time.
You can use your tentacles to constrict eight enemies at once.
Your skin changes colour to match your surroundings (Stealth+).
Your rubbery body absorbs attacks. (AC +1, EV +1)


Message History

You miss the adder. You grab the adder. You constrict the adder.
The adder barely misses you.
You tentacle-slap the adder but do no damage.
Your squeeze misses the adder.
The adder is lightly wounded.
You constrict the adder.
You feel sick. The adder barely misses you.
You barely miss the adder.
The adder is lightly wounded.
You constrict the adder. The adder closely misses you.
You tentacle-slap the adder.
The adder is severely wounded.
You constrict the adder. The adder bites you.
* * * LOW HITPOINT WARNING * * *
You are more poisoned.
The adder poisons you! The adder bites you.
* * * LOW HITPOINT WARNING * * *
You barely miss the adder.
The adder is severely wounded.
You constrict the adder.
You feel sick. The adder bites you.
You die...

#....# ....
####....#########..# .
#...<..............#..
#.##.................#
#..................#
#..#.............$.#
#......#..Ss........
#.##.#)#.#S###......
#....#...#@# .....
############ .... .##
#


You could see 2 adders and a giant cockroach.

Vanquished Creatures
  2 adders (D:2)
  2 worms (D:2)
  A dart slug (D:1)
  2 leopard geckos
  A ball python (D:2)
  3 giant cockroaches
  3 goblins (D:1)
  5 hobgoblins
  2 jackals (D:1)
  A quokka (D:2)
  5 bats
  2 frilled lizards
  3 kobolds
  7 rats
39 creatures vanquished.

Notes
Turn   | Place    | Note
-------+----------+-------------------------------------------
     0 | D:1      | inc the Octopode Transmuter began the quest for the Orb.
     0 | D:1      | Reached XP level 1. HP: 13/13 MP: 3/3
   414 | D:1      | Reached XP level 2. HP: 18/18 MP: 5/5
  1025 | D:2      | Reached XP level 3. HP: 23/23 MP: 4/6
  1141 | D:2      | Reached skill level 1 in Stealth
  1327 | D:2      | Found a faded altar of an unknown god.
  1366 | D:2      | Reached skill level 4 in Unarmed Combat
  1393 | D:2      | Reached XP level 4. HP: 20/28 MP: 4/7
  1656 | D:3      | Slain by an adder

Skill      XL: |  1  2  3  4 |
---------------+-------------+-----
Stealth        | 1 2 |  2.0
Unarmed Combat | 4 |  4.0
Fighting       | |  1.1
Dodging        | |  2.0
Spellcasting   | |  2.4
Transmutations | |  2.2

Action                   |  1- 3 |  4- 6 || total
-------------------------+-------+-------++-------
Melee: Unarmed           |    69 |    25 ||    94
       Constrict         |    25 |     5 ||    30
       Kick              |    12 |     3 ||    15
       Tentacles         |     9 |     1 ||    10
       Punch             |     4 |       ||     4
 Cast: Beastly Appendage |    15 |     3 ||    18
  Use: Potion            |       |     2 ||     2
 Stab: Sleeping          |     7 |     1 ||     8
  Eat: Chunk             |     2 |       ||     2
Armor: Skin              |     4 |     3 ||     7
Dodge: Dodged            |    36 |    21 ||    57
